Map: Dusk Towers

Players

LilDicky

  • Race: Terran Terran
  • League: Diamond

SorinHigh - Winner!

  • Race: Zerg Zerg
  • League: Diamond

VOD

http://www.twitch.tv/tumescentpie

Description

Time

  • Played on: Dec. 8, 2015, 11:45 a.m.
  • Length: 8:50
Show
View Real Time Build Order
Export as new Build Order

LilDicky Terran 

Build Orders: Liberator Opening 

Get SALT Encoding   

  12  0:02  SCV  
  13  0:14  SCV  
  14  0:18  Supply Depot  
  14  0:26  SCV  
  15  0:31  Refinery  
  15  0:39  SCV  
  16  0:45  Barracks  
  16  0:54  SCV  
  17  1:06  SCV  
  18  1:18  SCV  
  19  1:32  Marine  
  21  1:34  Supply Depot, Orbital Command  
  20  1:41  Refinery  
  20  1:51  Marine  
  21  1:57  Factory  
  21  2:02  SCV  
  22  2:09  Barracks Reactor  
  22  2:14  SCV  
  23  2:26  SCV  
  24  2:38  SCV  
  24  2:41  Armory  
  24  2:43  Factory Tech Lab  
  25  2:44  Starport  
  25  2:47  Marine x2  
  25  2:50  SCV  
  28  2:55  Supply Depot  
  28  3:02  SCV  
  29  3:12  Marine x2  
  30  3:15  SCV  
  31  3:22  Medivac  
  31  3:27  SCV  
  34  3:29  Supply Depot  
  34  3:41  SCV  
  34  3:46  Liberator  
  35  3:50  Thor  
  41  4:01  Marine  
  41  4:02  Marine  
  43  4:04  Command Center  
  43  4:05  SCV  
  47  4:24  Supply Depot  
  47  4:45  Marine x2  
  47  4:46  SCV, Siege Tank  
  53  4:55  Supply Depot  
  53  4:58  SCV, Liberator  
  54  5:03  Marine  
  55  5:15  Marine  
  59  5:32  Siege Tank  
  53  5:52  SCV  
  53  5:53  Orbital Command  
  54  5:57  Marine x2  
  54  6:01  Starport Reactor  
  54  6:03  Factory  
  56  6:04  SCV  
  56  6:06  Refinery x2  
  57  6:16  SCV  
  58  6:19  Command Center  
  58  6:23  Command Center  
  58  6:28  SCV  
  58  6:31  Command Center  
  59  6:37  Liberator  
  59  6:42  SCV x2  
  61  6:49  Thor  
  61  6:51  Factory Tech Lab  
  61  6:54  SCV  
  71  6:56  SCV  
  72  7:06  SCV  
  73  7:09  Supply Depot, Liberator  
  73  7:20  Marine x2  
  73  7:21  Thor  
  81  7:27  SCV  
  81  7:28  SCV  
  86  7:39  Orbital Command  
  86  7:40  SCV x2  
  86  7:44  Orbital Command  
  88  7:47  Refinery  
  88  7:51  Refinery  
  88  7:58  Marine  
  88  7:59  Marine  
  88  8:00  Thor  
  88  8:02  SCV x2  
  98  8:11  Supply Depot  
  98  8:12  SCV x2  
  100  8:14  SCV x2  
Show
View Real Time Build Order
Export as new Build Order

SorinHigh Zerg - Winner!

Build Orders: Hatch First 

Get SALT Encoding   

  12  0:01  Drone  
  13  0:08  Drone  
  14  0:20  Drone, Extractor x2  
  13  0:21  Drone  
  16  0:43  Hatchery  
  15  0:51  Overlord  
  15  1:07  Spawning Pool  
  15  1:11  Drone x2  
  16  1:15  Drone  
  17  1:27  Drone  
  17  1:32  Extractor  
  17  1:33  Drone  
  18  1:45  Drone  
  19  1:55  Queen  
  19  1:56  Queen  
  19  1:57  Drone  
  19  1:58  Zergling x2  
  25  2:05  Drone  
  26  2:10  Zergling x2  
  27  2:22  Drone  
  28  2:24  Overlord  
  28  2:39  Overlord  
  28  2:45  Extractor  
  28  2:46  Metabolic Boost  
  28  2:48  Drone  
  28  2:49  Drone x4  
  32  3:02  Zergling x4  
  34  3:06  Evolution Chamber  
  31  3:15  Lair  
  31  3:18  Drone x2  
  31  3:19  Drone x3  
  36  3:23  Queen  
  38  3:38  Hatchery  
  37  3:47  Drone  
  37  3:48  Drone x4  
  42  3:53  Zerg Melee Weapons Level 1  
  42  3:58  Drone x2  
  44  4:11  Overlord  
  44  4:23  Extractor  
  43  4:32  Drone  
  43  4:33  Drone x2, Overlord  
  43  4:34  Drone x3, Zergling x4  
  43  4:35  Zergling x2  
  43  4:37  Overlord  
  52  4:47  Spire  
  52  4:48  Overseer  
  51  4:53  Zergling x12  
  51  4:54  Queen  
  59  5:00  Drone x3  
  62  5:09  Queen  
  51  5:46  Drone x5  
  51  5:47  Drone  
  57  5:51  Zerg Ground Armor Level 1  
  57  5:53  Drone x4  
  57  5:55  Queen  
  57  5:56  Queen  
  65  6:06  Spore Crawler  
  65  6:08  Drone, Zergling x2  
  66  6:14  Overlord x2  
  66  6:35  Drone  
  66  6:36  Drone x7  
  66  6:37  Drone x2  
  76  6:42  Overlord x2  
  76  6:43  Overlord x2  
  76  6:46  Hatchery  
  69  6:49  Zerg Flyer Armor Level 1  
  69  6:50  Zergling x4  
  71  7:01  Zergling x4  
  73  7:13  Extractor  
  73  7:15  Evolution Chamber  
  71  7:16  Infestation Pit  
  71  7:18  Drone x3  
  71  7:19  Drone x3  
  76  7:28  Zergling x2  
  76  7:29  Corruptor x2, Zergling x4  
  79  7:30  Corruptor x2  
  87  7:38  Extractor x2  
  85  7:47  Pneumatized Carapace  
  85  7:49  Drone, Zergling x6  
  85  7:50  Hatchery  
  88  7:59  Corruptor, Zergling x4  
  88  8:00  Zergling x6  
  88  8:01  Zergling x12  
  101  8:12  Zergling x8  
  105  8:21  Zergling x4  
  105  8:22  Zergling x8  
  108  8:30  Zergling x4  
  108  8:31  Zergling x4  
Tags
 
Add a new tag
Caveats
  • Supply blocks, unpowered buildings, or Contaminate may cause inaccurate times.
  • Supply counts are checked every 10 seconds.